 Dungeon Crawl Stone Soup version 0.21.1-1-g345015fe64 (webtiles) character file.

115 Kaglan the Skirmisher (level 5, -2/33 HPs)
             Began as a Gargoyle Fighter on June 9, 2018.
             Killed by divine providence
             ... invoked by an orc priest
              (14 damage)
             ... on level 3 of the Dungeon.
             The game lasted 00:04:21 (2023 turns).

Kaglan the Skirmisher (Gargoyle Fighter)            Turns: 2023, Time: 00:04:22

Health: -2/33      AC: 12    Str: 21    XL:     5   Next: 0%
Magic:  5/5        EV:  7    Int:  8    God:
Gold:   124        SH:  9    Dex:  9    Spells: 4/4 levels left

rFire    . . .     SeeInvis .   a - +0 flail
rCold    . . .     Gourm    .   c - +0 shield
rNeg     + . .     Faith    .   b - +0 scale mail
rPois    ∞         Spirit   .   (no helmet)
rElec    +         Reflect  .   q - +0 cloak
rCorr    .         Harm     .   (no gloves)
MR       .....                  (no boots)
Stlth    ..........             (no amulet)
HPRegen  0.11/turn              (no ring)
MPRegen  0.09/turn              (no ring)

@: no status effects
A: negative energy resistance 1, electricity resistance, unbreathing,
petrification resistance, rot immunity, AC +4
a: no special abilities


You were on level 3 of the Dungeon.
You were not hungry.

You visited 1 branch of the dungeon, and saw 3 of its levels.

You collected 124 gold pieces.

Inventory:

Hand Weapons
 a - a +0 flail (weapon)
 n - a +0 hunting sling
 p - a +4 quarterstaff of chaos
 r - a +0 blowgun
Missiles
 l - 21 arrows
 s - 9 poisoned needles
Armour
 b - a +0 scale mail (worn)
 c - a +0 shield (worn)
 q - a +0 cloak (worn)
Scrolls
 e - 3 scrolls of identify {unknown}
 g - 2 scrolls of remove curse {unknown}
 h - 4 scrolls of fog {unknown}
 m - a scroll of fear {unknown}
 o - a scroll of blinking {unknown}
Potions
 d - 2 potions of might
 i - a potion of heal wounds {unknown}
 j - 2 potions of degeneration {unknown}
 k - a potion of curing {unknown}
 u - a potion of lignification {unknown}
Comestibles
 f - 2 rations
 t - a chunk of flesh


   Skills:
 + Level 4.1 Fighting
 + Level 3.0 Maces & Flails
 + Level 4.1 Armour
 + Level 4.1 Shields


You had 4 spell levels left.
You didn't know any spells.

Dungeon Overview and Level Annotations

Branches:
Dungeon (3/15)

Altars:


Innate Abilities, Weirdness & Mutations

You are resistant to torment.
Your stone body is resilient. (AC +4)
You are immune to poison.
You resist negative energy. (rN+)
You are resistant to electric shocks. (rElec)
You can survive without breathing.
You are immune to petrification.
You are immune to rotting.


Message History

You hit the orc.
You kill the orc!
You have reached level 5!
The orc priest invokes the aid of Beogh against you.
Beogh smites you!
The orc priest hits you but does no damage.
The orc priest hits you but does no damage.
Things that are here:
a morningstar; a leather armour x2
You closely miss the orc priest.
The orc priest hits you but does no damage.
Your shield and scale mail prevent you from hitting the orc priest.
The orc wizard gestures wildly while chanting.
The orc wizard blinks!
The orc priest hits you but does no damage.
You hit the orc priest.
The orc priest is moderately wounded.
The orc priest mumbles some strange prayers to Beogh against you.
Beogh smites you!
You die...

##.## ...
# ...
#.o..
.#.## .§.
#o# #@#
#.# #.#
#.# ## #.#
....#####
#.#
#.....).#
#.# #.#
##.## .##.
#.###...##


You could see an orc priest and an orc wizard.

Vanquished Creatures
  Crazy Yiuf (D:2)
  4 adders (D:2)
  An ooze (D:2)
  2 worms (D:2)
  A dart slug (D:1)
  3 orcs (D:3)
  A giant cockroach (D:1)
  3 goblins
  3 hobgoblins
  3 jackals (D:2)
  A quokka (D:2)
  2 bats (D:2)
  3 frilled lizards
  A kobold (D:3)
  10 rats
39 creatures vanquished.

Notes
Turn   | Place    | Note
-------+----------+-------------------------------------------
     0 | D:1      | Kaglan the Gargoyle Fighter began the quest for the Orb.
     0 | D:1      | Reached XP level 1. HP: 14/14 MP: 1/1
   175 | D:1      | Reached XP level 2. HP: 19/19 MP: 2/2
  1009 | D:2      | Reached XP level 3. HP: 20/24 MP: 3/3
  1253 | D:2      | Reached XP level 4. HP: 29/29 MP: 4/4
  1647 | D:2      | Found a runed door.
  1881 | D:2      | Noticed Crazy Yiuf
  1889 | D:2      | Killed Crazy Yiuf
  2019 | D:3      | Reached XP level 5. HP: 21/33 MP: 5/5
  2023 | D:3      | Killed from afar by an orc priest

Skill      XL: |  1  2  3  4 |
---------------+-------------+-----
Armour         | 4 |  4.1
Fighting       | 4 |  4.1
Shields        | 4 |  4.1
Maces & Flails | 3 |  3.0

Action                   |  1- 3 |  4- 6 || total
-------------------------+-------+-------++-------
Melee: Flail             |   110 |    74 ||   184
  Eat: Chunk             |     1 |     1 ||     2
       Ration            |       |     1 ||     1
Armor: Scale mail        |    49 |    36 ||    85
Dodge: Dodged            |    40 |    16 ||    56
Block: Shield            |    38 |    41 ||    79
